 Seeded DCSS version 0.31-a0-771-g505c3d19dc (webtiles) character file.

Game seed: 1 (custom seed)

10969 Psyclone the Eclecticist (level 11, 74/74 HPs)
             Began as a Deep Elf Ice Elementalist on Sept 16, 2023.
             Was an Initiate of Gozag.
             Quit the game on level 11 of the Dungeon.
             The game lasted 00:34:58 (11227 turns).

Psyclone the Eclecticist (DEIE)                    Turns: 11227, Time: 00:34:59

Health: 74/74      AC:  4    Str:  4 (5)  XL:     11   Next: 43%
Magic:  32/32      EV: 19    Int: 30 (31) God:    Gozag
Gold:   630        SH:  5    Dex: 13 (15) Spells: 33/40 levels left

rFire   . . .        a - +6 dagger (speed)
rCold   . . .        n - +0 buckler
rNeg    . . .        i - +0 robe
rPois   .            d - +1 hat
rElec   .            v - scarf {repulsion}
rCorr   .            r - +0 pair of gloves
SInv    .            (no boots)
Will    +....        x - amulet of magic regeneration
Stlth   ++           f - +6 ring of intelligence
HPRegen 0.32/turn    q - +5 ring of evasion
MPRegen 0.63/turn

%: repel missiles
@: no status effects
A: talons 1, robust 1, subdued magic 1
a: Renounce Religion, Potion Petition, Call Merchant, Bribe Branch


You were on level 11 of the Dungeon.
You worshipped Gozag.
Gozag was pleased with you.
You visited 3 branches of the dungeon, and saw 13 of its levels.

You collected 1543 gold pieces.
You spent 313 gold pieces at shops.
You paid 600 gold pieces to Gozag.

Inventory:

Hand Weapons
 a - a +6 dagger of speed (weapon)
Missiles
 o - 5 curare-tipped darts
 y - 2 poisoned darts
Armour
 d - a +1 hat (worn)
 i - a +0 robe (worn)
 n - a +0 buckler (worn)
 r - a +0 pair of gloves (worn)
 v - a scarf of repulsion (worn)
Jewellery
 f - a +6 ring of intelligence (left hand)
 p - a ring of fire
 q - a +5 ring of evasion (right hand)
 x - an amulet of magic regeneration (around neck)
 H - an amulet of guardian spirit
Wands
 s - a wand of acid (4)
 D - a wand of flame (5)
 E - a wand of paralysis (8)
Scrolls
 e - 2 scrolls of blinking
 g - a scroll of immolation
 h - 4 scrolls of identify {@r1}
 j - a scroll of fear
 k - 4 scrolls of teleportation
 l - 3 scrolls of revelation
 m - a scroll of amnesia
 t - 2 scrolls of silence {!r}
 u - a scroll of enchant armour
 A - 2 scrolls of poison
 B - a scroll of noise
Potions
 b - 3 potions of magic
 c - a potion of resistance
 w - a potion of attraction
 z - 2 potions of curing
 C - a potion of invisibility
 G - 3 potions of enlightenment


   Skills:
 - Level 8.0 Fighting
 - Level 8.0 Dodging
 - Level 2.4 Stealth
 - Level 4.0 Shields
 + Level 15.4 Spellcasting
 - Level 8.0 Ice Magic


You had 33 spell levels left.
You knew the following spells:

 Your Spells              Type           Power      Damage    Failure   Level
a - Freeze                Ice            100%       1d10      1%          1
b - Frozen Ramparts       Ice            100%       1d16      1%          3
c - Ozocubu's Armour      Ice            53%        N/A       1%          3

Your spell library contained the following spells:

 Spells                   Type           Power      Damage    Failure   Level
 Apportation              Tloc           34%        N/A       2%          1
 Kiss of Death            Conj/Necr      68%        2d10      2%          1
 Slow                     Hex            68%        N/A       2%          1
 Summon Small Mammal      Summ           68%        N/A       2%          1
 Jinxbite                 Hex            34%        N/A       4%          2
 Static Discharge         Conj/Air       34%        2-4/arc   4%          2
 Sublimation of Blood     Necr           17%        N/A       4%          2
 Wereblood                Tmut           17%        N/A       4%          2
 Summon Ice Beast         Ice/Summ       36%        N/A       5%          4
 Call Canine Familiar     Summ           17%        N/A       9%          3
 Confusing Touch          Hex            17%        N/A       9%          3
 Dazzling Flash           Conj/Hex       34%        N/A       9%          3
 Sigil of Binding         Hex            17%        N/A       9%          3
 Summon Guardian Golem    Hex/Summ       17%        N/A       9%          3
 Vampiric Draining        Necr           17%        2d7       9%          3
 Airstrike                Air            8%         2d(2-18)  30%         4
 Dispel Undead            Necr           17%        3d10      30%         4
 Summon Lightning Spire   Summ/Air       17%        N/A       30%         4
 Agony                    Necr           17%        N/A       65%         5
 Alistair's Intoxication  Tmut/Pois      11%        N/A       65%         5
 Silence                  Hex/Air        8%         N/A       65%         5
 Orb of Destruction       Conj           8%         9d6       100%        7
 Spellforged Servitor     Conj/Summ      8%         N/A       100%        7
 Summon Hydra             Summ           8%         N/A       100%        7


Dungeon Overview and Level Annotations

Branches:
Dungeon (11/15) Zot: 26103  Temple (1/1) D:7 Zot: 5988    Lair (1/5) D:10 Zot: 5945
    Orc: D:9-12

Altars:
Ashenzari
Cheibriados
Dithmenos
Elyvilon
Fedhas
Gozag
Hepliaklqana
Kikubaaqudgha
Makhleb
Nemelex Xobeh
Okawaru
Qazlal
Ru
Sif Muna
Trog
Uskayaw
Vehumet
Wu Jian
Xom
Yredelemnul
Zin
The Shining One

Shops:
D:9 =   Lair:1 [

Annotations:
D:9 Gastronok


Innate Abilities, Weirdness & Mutations

You have sharp toenails.
You are robust. (+10% HP)
Your spells are a little easier to cast, but a little less powerful.


Message History

You now have 574 gold pieces (gained 30).
You open the door.
There is an open door here.
You now have 587 gold pieces (gained 13).
Found a spear.
C - a potion of invisibility You now have 608 gold pieces (gained 21).
You now have 622 gold pieces (gained 14).
You now have 630 gold pieces (gained 8).
Found a stone staircase leading down.
Found a radiant altar of Vehumet.
E - a wand of paralysis (8)
You open the door.
Found a war axe.
There is an open door here.
You see here a +0 war axe.
You open the door.
There is an open door here.
Found 7 stones.
Found a stone staircase leading down.
You open the door.
There is an open door here.
There is a stone staircase leading down here.
You open the door.
Found a stone staircase leading up.
Found a stone staircase leading up.
There is an open door here.
You pick up a book of Touch and begin reading...
You add the spells Kiss of Death and Dispel Undead to your library.
There is an open door here.
You open the door.
There is an open door here.
There is an open door here.
You open the door.
Found a trident.
There is an open door here.
You open the door.
Done exploring.
Done exploring.
Are you sure you want to abandon this character and quit the game? (Confirm with "yes".)

#......# #.# #......# #.#
#......# #.# #......#
#.##########
#......#########...........
#..........................
#....#####.................
#....#...#.................
#....#...'@................
#....#...#.................
#....#####.................
#................#'###....#
#................#...#....'
#................#...#....#
##..########.....#...#....#
#..#......#.....#...#....#
#..#......#.....#...#....#


There were no monsters in sight!

Vanquished Creatures
  3 two-headed ogres
  A boulder beetle (D:8)
  2 gargoyles
  2 unseen horror skeletons (D:9)
  Sigmund (D:2)
  A vampire (D:11)
  2 wyverns
  2 shadows
  13 yaks
  4 steam dragons
  2 wraiths
  Menkaure (D:6)
  5 vampire mosquitoes
  3 water moccasins
  3 orc warriors
  3 ice beasts
  A black bear (D:5)
  3 centaurs
  3 ogres (D:7)
  A phantom (D:5)
  A kobold brigand (D:8)
  A bullfrog (D:8)
  A scorpion (D:6)
  A gnoll sergeant (D:10)
  4 wights (D:9)
  12 killer bees
  2 howler monkeys
  A spectral centaur (D:9)
  An electric eel (D:10)
  An orc priest (D:4)
  7 hounds
  2 centaur skeletons (D:9)
  2 jellies
  Crazy Yiuf (D:2)
  4 sleepcaps
  4 iguanas
  7 orc wizards
  16 gnolls
  10 adders
  A shadow imp (D:6)
  A white imp (D:8)
  An ufetubus (D:5)
  2 worms
  3 dart slugs
  33 orcs
  9 ball pythons
  11 bats
  5 endoplasms
  3 giant cockroaches
  6 goblins
  8 hobgoblins
  6 jackals
  8 kobolds
  4 quokkas
  2 frilled lizards
  4 rats
241 creatures vanquished.

Vanquished Creatures (others)
  A yak (D:11)
  A shadow (D:11)
  An orc (D:11)
3 creatures vanquished.

Grand Total: 244 creatures vanquished

Notes
Turn   | Place    | Note
-------+----------+-------------------------------------------
     0 | D:1      | Psyclone the Deep Elf Ice Elementalist began the quest for
                  | the Orb.
     0 | D:1      | Reached XP level 1. HP: 10/10 MP: 6/6
    87 | D:1      | Reached skill level 4 in Spellcasting
    87 | D:1      | Reached XP level 2. HP: 13/15 MP: 2/9
   287 | D:1      | Found a faded altar of an unknown god.
   407 | D:1      | Reached XP level 3. HP: 12/19 MP: 11/11
   409 | D:1      | Reached skill level 5 in Spellcasting
   458 | D:1      | Learned a level 3 spell: Frozen Ramparts
   462 | D:1      | Learned a level 3 spell: Ozocubu's Armour
   883 | D:2      | Noticed Sigmund
  1139 | D:2      | Reached skill level 5 in Ice Magic
  1396 | D:2      | Reached XP level 4. HP: 24/24 MP: 9/13
  1500 | D:2      | Found a runed translucent door.
  1501 | D:2      | Noticed Crazy Yiuf
  1615 | D:2      | Killed Crazy Yiuf
  1739 | D:2      | Found a basalt altar of Yredelemnul.
  1943 | D:2      | Killed Sigmund
  1944 | D:2      | Reached XP level 5. HP: 22/28 MP: 3/14
  1944 | D:2      | Reached XP level 6. HP: 25/32 MP: 3/15
  2051 | D:2      | Gained mutation: You are weak. (Str -2) [potion of
                  | mutation]
  2051 | D:2      | Gained mutation: You have sharp fingernails. [potion of
                  | mutation]
  2051 | D:2      | Gained mutation: You have sharp toenails. [potion of
                  | mutation]
  3075 | D:4      | Found a hazy altar of Hepliaklqana.
  3351 | D:4      | Reached skill level 1 in Shields
  3439 | D:4      | Reached XP level 7. HP: 30/36 MP: 12/16
  3736 | D:5      | Entered Level 5 of the Dungeon
  4001 | D:5      | Reached skill level 5 in Dodging
  4314 | D:5      | Reached XP level 8. HP: 36/41 MP: 11/17
  4452 | D:5      | Lost mutation: You have sharp fingernails. [potion of
                  | mutation]
  4452 | D:5      | Lost mutation: You have sharp toenails. [potion of
                  | mutation]
  4452 | D:5      | Lost mutation: You are weak. (Str -2) [potion of mutation]
  4452 | D:5      | Gained mutation: You have sharp toenails. [potion of
                  | mutation]
  4452 | D:5      | Gained mutation: Your spells are a little easier to cast,
                  | but a little less powerful. [potion of mutation]
  4452 | D:5      | Gained mutation: You are robust. (+10% HP) [potion of
                  | mutation]
  4830 | D:6      | Noticed Menkaure
  4836 | D:6      | Killed Menkaure
  5043 | D:6      | Reached skill level 1 in Fighting
  6039 | D:7      | Reached XP level 9. HP: 57/57 MP: 14/18
  6128 | D:7      | Reached skill level 5 in Fighting
  6181 | D:7      | Found a staircase to the Ecumenical Temple.
  6186 | Temple   | Entered the Ecumenical Temple
  6191 | Temple   | Became a worshipper of Gozag Ym Sagoz the Greedy
  6348 | D:7      | Found a hide-covered altar of Uskayaw.
  6639 | D:7      | Found a white marble altar of Elyvilon.
  7325 | D:8      | Noticed a boulder beetle
  7387 | D:8      | Killed a boulder beetle
  7482 | D:8      | Reached XP level 10. HP: 70/70 MP: 12/20
  7527 | D:8      | Reached skill level 6 in Spellcasting
  7857 | D:9      | Reached skill level 7 in Spellcasting
  7969 | D:9      | Reached skill level 8 in Spellcasting
  7980 | D:9      | Reached skill level 9 in Spellcasting
  8272 | D:9      | Found Askyxt's Jewellery Shoppe.
  8422 | D:9      | Noticed a two-headed ogre
  8438 | D:9      | Killed a two-headed ogre
  8439 | D:9      | Reached skill level 10 in Spellcasting
  8522 | D:9      | Reached skill level 11 in Spellcasting
  9018 | D:9      | Noticed Gastronok
  9112 | D:10     | Entered Level 10 of the Dungeon
  9112 | D:10     | Found a staircase to the Lair.
  9132 | D:10     | Reached skill level 12 in Spellcasting
  9148 | Lair:1   | Entered Level 1 of the Lair of Beasts
  9185 | Lair:1   | Bought a pair of pitted boots for 313 gold pieces
  9185 | Lair:1   | Identified the +0 pair of boots "Cyosk" {Harm} (You bought
                  | it in a shop on level 1 of the Lair of Beasts)
  9414 | D:10     | Reached skill level 13 in Spellcasting
  9513 | D:10     | Reached XP level 11. HP: 74/74 MP: 27/30
  9557 | D:10     | Found a transporter.
  9561 | D:10     | Found a transporter.
  9577 | D:10     | Found a transporter.
  9577 | D:10     | Found a transporter.
  9579 | D:10     | Found a transporter.
  9579 | D:10     | Found a transporter.
 10320 | D:11     | Noticed a two-headed ogre
 10364 | D:11     | HP: 3/74 [vampire mosquito (8)]
 10378 | D:11     | Reached skill level 14 in Spellcasting
 10382 | D:11     | Noticed a two-headed ogre
 10403 | D:11     | Killed a two-headed ogre
 10423 | D:11     | Killed a two-headed ogre
 10424 | D:11     | Reached skill level 15 in Spellcasting
 10955 | D:11     | Found a radiant altar of Vehumet.
 11227 | D:11     | Quit the game

Illustrated notes

Levels and vault maps discovered:
D:1:      zelgadis_glass_arrival_small, layout_basic,
          hellmonk_ecumenical_altar_prayer_group,
          chequers_serial_rivers_micro_e, minmay_3d_cube
D:2:      layout_loops_cross, basic_altar, hangedman_feature_mirror,
          dreamdust_princess_corridor, uniq_sigmund, uniq_crazy_yiuf_cottage
D:3:      layout_basic, kennysheep_boxes
D:4:      layout_cave_pools, overflow_temple_1_default, grunt_decor_cap,
          nicolae_twisty_statue_hallways
D:5:      layout_loops_ring
D:6:      layout_loops_ring, uniq_menkaure
D:7:      layout_cave_pools, eat_drink_and_be_merry_uskayaw, elyvilon_altar_1,
          minmay_temple_entry_gardened_gates
D:8:      layout_basic
D:9:      layout_stronghold, serial_shops, nicolae_shop_tiny_real_fake_doors,
          serial_column_ruins, column_ruins_open_small,
          column_ruins_corridor_dead_end, column_ruins_grid_3,
          column_ruins_open_tiny_water, column_ruins_columns_dead_end,
          hangedman_weighted_door, kennysheep_generic_room_11, uniq_gastronok
D:10:     layout_basic, lair_entry_dummy, serial_nicolae_subway,
          nicolae_sub_station_metal, nicolae_sub_station_crystal,
          nicolae_sub_station_stone
D:11:     layout_irregular_city, nicolae_vehumet_radiance
Temple:   nicolae_temple_bog_church
Lair:1:   layout_long_grid, columned_hall_lemuel

Skill      XL: |  1  2  3  4  5  6  7  8  9 10 11 |
---------------+----------------------------------+-----
Spellcasting   | 4 5 13 15 | 15.4
Ice Magic      | 5 7 8 |  8.0
Dodging        | 3 5 8 |  8.0
Shields        | 1 3 4 |  4.0
Fighting       | 4 8 |  8.0
Stealth        | |  2.4

Action                     |  1- 3 |  4- 6 |  7- 9 | 10-12 || total
---------------------------+-------+-------+-------+-------++-------
  Melee: Unarmed           |     2 |       |       |       ||     2
         Dagger            |    29 |    27 |   149 |   120 ||   325
         Short sword       |     2 |       |       |       ||     2
         Kick              |       |     8 |    54 |    37 ||    99
   Cast: Freeze            |    34 |    17 |    50 |    49 ||   150
         Frozen Ramparts   |     3 |    22 |    51 |    33 ||   109
         Ozocubu's Armour  |       |     3 |    10 |    21 ||    34
 Invoke: Call Merchant     |       |       |       |     1 ||     1
    Use: Scroll            |       |     6 |     2 |     6 ||    14
         Potion            |       |     4 |     3 |     6 ||    13
   Stab: Sleeping          |     6 |     3 |     3 |       ||    12
 Armour: Robe              |    32 |    27 |    63 |    75 ||   197
         Skin              |       |       |       |    27 ||    27
  Dodge: Dodged            |    34 |    21 |   113 |   199 ||   367
         Repelled          |       |       |       |     3 ||     3
  Block: Buckler           |       |     3 |    24 |    52 ||    79

Table legend: (Time is in decaauts)
 A = Elapsed time spent in this place.
 B = Non-inter-level travel time spent in this place.
 C = Inter-level travel time spent in this place.
 D = Time resting spent in this place.
 E = Time spent auto-exploring this place.
 F = Levels seen in this place.
 G = Mean time per level.
                   A        B        C        D        E       F      G
               +--------+--------+--------+--------+--------+-----+--------+
         Total |  11164 |  10934 |    230 |    267 |   8375 |  13 |  858.8 |
       Dungeon |  11098 |  10873 |    225 |    267 |   8375 |  11 | 1008.9 |
        Temple |     11 |      6 |      5 |      0 |      0 |   1 |   11.0 |
          Lair |     54 |     54 |      0 |      0 |      0 |   1 |   54.0 |
               +--------+--------+--------+--------+--------+-----+--------+

Top non-repeatable levels by time:
     D:9: 1407 daAuts
     D:2: 1182 daAuts
    D:10: 1150 daAuts
     D:5: 1082 daAuts
     D:6: 1070 daAuts
     D:8: 978 daAuts
     D:3: 951 daAuts
    D:11: 896 daAuts
     D:1: 874 daAuts
     D:7: 815 daAuts
     D:4: 689 daAuts
  Lair:1: 54 daAuts
  Temple: 11 daAuts
